 Dungeon Crawl Stone Soup version 0.29-a0-512-gf59ac788ac (webtiles) character file.

Game seed: 10078372532034727197

2 Spectrina the Ducker (level 1, -6/13 HPs)
             Began as a Deep Elf Monk on May 29, 2022.
             Killed by divine providence
             ... invoked by an orc priest
              (12 damage)
             ... on level 3 of the Dungeon.
             The game lasted 00:00:48 (119 turns).

Spectrina the Ducker (Deep Elf Monk)                 Turns: 119, Time: 00:00:49

Health: -6/13      AC:  2    Str:  8    XL:     1   Next: 25%
Magic:  3/3        EV: 13    Int: 14    God:
Gold:   0          SH:  0    Dex: 17    Spells: 0/0 levels left

rFire   . . .      SeeInvis .   a - +0 spear
rCold   . . .      Faith    .   (no shield)
rNeg    . . .      Spirit   .   b - +0 robe
rPois   .          Reflect  .   (no helmet)
rElec   .          Harm     .   (no cloak)
rCorr   .          Rampage  .   (no gloves)
Will    .....                   (no boots)
Stlth   ++........              (no amulet)
HPRegen 0.04/turn               (no ring)
MPRegen 0.08/turn               (no ring)

@: no status effects
A: no striking features
a: no special abilities


You were on level 3 of the Dungeon.
You visited 1 branch of the dungeon, and saw 4 of its levels.

Inventory:

Hand Weapons
 a - a +0 spear (weapon)
Missiles
 d - 6 datura-tipped darts (quivered)
Armour
 b - a +0 robe (worn)
Potions
 c - a potion of ambrosia
 e - a potion of brilliance {unknown}
 f - a potion of haste {unknown}


   Skills:
 - Level 2.4 Fighting
 + Level 2.3 Polearms
 - Level 3.6 Dodging
 - Level 2.4 Stealth


You couldn't memorise any spells.
You didn't know any spells.
Your spell library was empty.

Dungeon Overview and Level Annotations

Branches:
Dungeon (4/15)
 Temple: D:4-7

Altars:
Beogh


Message History

You hit the endoplasm.
The endoplasm is heavily wounded.
You hit the endoplasm but do no damage.
The endoplasm is heavily wounded.
An adder comes into view.
The endoplasm barely misses you.
The adder hisses angrily.
You hit the endoplasm but do no damage.
The endoplasm is heavily wounded.
The endoplasm freezes you.
You are frozen.
Unknown command.
You completely miss the endoplasm.
The endoplasm is heavily wounded.
The endoplasm hits you but does no damage.
The endoplasm attacks as you move away!
The endoplasm hits you but does no damage.
The endoplasm attacks as you move away! The endoplasm hits you.
There is a stone staircase leading up here.
The endoplasm jiggles.
The endoplasm freezes you.
You are frozen.
You climb upwards.
There is a stone staircase leading down here.
You hit the endoplasm.
You kill the endoplasm!
You open the door.
An orc priest comes into view. It is wielding a +0 flail.
Found 34 gold pieces.
Found a roughly hewn altar of Beogh.
You close the door.
Something unseen breaks down the door.
Unknown command.
Found 10 gold pieces.
Unknown command.
Autopickup is now off.
You see here 10 gold pieces.
The orc priest mumbles some strange prayers to Beogh against you.
Beogh smites you!
Ouch! That really hurt!
You die...

### #####.####
#........# ######
#.@......### #.....
#.##$..#o#.###.#...
#. ##.##....##.#.##
#. #.......o..#.##
#. ####....####.##
.# #.#.## #.#. #
#.#.# #.#. # ..#.#
#.#o #. ####+##
#...


You could see an orc priest.

Vanquished Creatures
  An endoplasm (D:3)
  A frilled lizard (D:2)
2 creatures vanquished.

Notes
Turn   | Place    | Note
-------+----------+-------------------------------------------
     0 | D:1      | Spectrina the Deep Elf Monk began the quest for the Orb.
     0 | D:1      | Reached XP level 1. HP: 13/13 MP: 3/3
    91 | D:3      | Noticed an orc priest
   119 | D:3      | Killed from afar by an orc priest

Illustrated notes

Levels and vault maps discovered:
D:1:      dpeg_arrival_long_road, layout_basic, chequers_jeans,
          chequers_serial_rivers_room_a, minmay_close_crescents
D:2:      layout_basic, hellmonk_ecumenical_altar_inner_sanctum,
          kennysheep_jessica_study
D:3:      minmay_chambers_of_twos, layout_loops_corners, serial_shops,
          nicolae_shop_temple_entry_statues_fountains, kennysheep_orc_chapel
D:4:      layout_loops_corners

Action                   || total
-------------------------++-------
Melee: Spear             ||     6
 Stab: Sleeping          ||     1
Armor: Robe              ||     2
Dodge: Dodged            ||     1

Table legend: (Time is in decaauts)
 A = Elapsed time spent in this place.
 B = Non-inter-level travel time spent in this place.
 C = Inter-level travel time spent in this place.
 D = Time resting spent in this place.
 E = Time spent auto-exploring this place.
 F = Levels seen in this place.
 G = Mean time per level.
                   A        B        C        D        E       F      G
               +--------+--------+--------+--------+--------+-----+--------+
         Total |    118 |    118 |      0 |      0 |      0 |   4 |   29.5 |
       Dungeon |    118 |    118 |      0 |      0 |      0 |   4 |   29.5 |
               +--------+--------+--------+--------+--------+-----+--------+

Top non-repeatable levels by time:
     D:3: 81 daAuts
     D:2: 17 daAuts
     D:4: 14 daAuts
     D:1: 5 daAuts
